 Dungeon Crawl Stone Soup version 0.21-a0-344-g2144152 (webtiles) character file.

2390 Gruud the Carver (level 9, -3/64 HPs)
             Began as a Demonspawn Assassin on Oct 4, 2017.
             Was a Believer of Uskayaw.
             Slain by a two-headed ogre
             ... wielding a +0 giant club
              (5 damage)
             ... on level 8 of the Dungeon.
             The game lasted 00:19:20 (6193 turns).

Gruud the Carver (Demonspawn Assassin)              Turns: 6193, Time: 00:19:22

Health: -3/64      AC: 10    Str: 14    XL:     9   Next: 22%
Magic:  0/14       EV:  9    Int: 12    God:    Uskayaw [**....]
Gold:   326        SH:  0    Dex: 16    Spells: 5/8 levels left

rFire    . . .     SeeInvis +   a - +1 long sword
rCold    . . .     Gourm    .   (no shield)
rNeg     . . .     Faith    .   l - +0 scale mail
rPois    .         Spirit   +   (helmet restricted)
rElec    .         Reflect  .   u - +0 cloak
rCorr    .         Harm     .   (no gloves)
MR       .....                  (no boots)
Stlth    +.........             (no amulet)
HPRegen  0.20/turn              K - ring of wizardry
MPRegen  0.28/turn              L - ring of see invisible

@: no status effects
A: antennae 2, thin metallic scales 2, demonic guardian 1, magic shield, magic
regeneration
a: Stomp, Line Pass, Renounce Religion


You were on level 8 of the Dungeon.
You worshipped Uskayaw.
Uskayaw was noncommittal.
You were not hungry.

You visited 2 branches of the dungeon, and saw 9 of its levels.

You collected 326 gold pieces.

Inventory:

Hand Weapons
 a - a +1 long sword (weapon)
 b - a +0 blowgun
 i - a +1 whip of electrocution
 q - a +2 dagger
Missiles
 c - 8 javelins (quivered)
 e - 61 poisoned needles
 f - 4 curare-tipped needles
 y - 4 steel tomahawks
Armour
 l - a +0 scale mail (worn)
 u - a +0 cloak (worn)
 M - a +0 chain mail
Jewellery
 K - a ring of wizardry (left hand)
 L - a ring of see invisible (right hand)
Scrolls
 j - a scroll of magic mapping {unknown}
 k - 10 scrolls of remove curse
 m - a scroll of blinking {unknown}
 p - a scroll of teleportation
 r - 3 scrolls of immolation
 B - 2 scrolls of enchant weapon
 J - a scroll of recharging
 N - a scroll of torment {unknown}
 O - a scroll of random uselessness {unknown}
Potions
 o - a potion of cancellation
 s - 3 potions of resistance
 t - 6 potions of curing
 v - 3 potions of haste
 w - 2 potions of heal wounds
 z - a potion of berserk rage {unknown}
 A - 2 potions of flight
 D - a potion of might {unknown}
 E - a potion of lignification {unknown}
 G - a potion of mutation {unknown}
 H - 2 potions of agility
 P - a potion of degeneration {unknown}
Books
 I - a book of Necromancy

   Spells                             Type                      Level
   a - Pain                           Necromancy                   1
   b - Animate Skeleton               Necromancy                   1
   c - Vampiric Draining              Necromancy                   3
   d - Regeneration                   Charms/Necromancy            3
   e - Animate Dead                   Necromancy                   4
   f - Control Undead                 Necromancy                   4
Comestibles
 d - 7 chunks of flesh
 g - 6 bread rations
 h - 10 fruits
 n - 3 royal jellies
 x - 4 meat rations


   Skills:
 - Level 3.5 Fighting
 - Level 1.7(6.0) Short Blades
 * Level 9.1(9.2) Long Blades
 - Level 1.7 Throwing
 - Level 2.4 Armour
 - Level 0.8 Dodging
 - Level 3.6 Stealth
 + Level 7.7 Invocations


You had 5 spell levels left.
You knew the following spells:

 Your Spells              Type           Power        Failure   Level  Hunger
a - Regeneration          Chrm/Necr      #.........   82%         3    ####...


Dungeon Overview and Level Annotations

Branches:
Dungeon (8/15)             Temple (1/1) D:5
   Lair: D:8-11

Altars:
Ashenzari
Cheibriados
Fedhas
Gozag
Makhleb
Nemelex Xobeh
Qazlal
Ru
Sif Muna
Uskayaw
Vehumet
Wu Jian
Xom
The Shining One

Annotations:
D:6 Grinder
D:8 Gastronok


Innate Abilities, Weirdness & Mutations

You have a pair of antennae on your head.
You are mostly covered in thin metallic scales. (AC +3)
A weak demonic guardian rushes to your aid.
When hurt, damage is shared between your health and your magic reserves.
You regenerate magic rapidly.


Message History

* * * LOW HITPOINT WARNING * * *
You don't have enough magic at the moment.
You feel much better.
Your white imp hits the two-headed ogre but does no damage.
You barely miss the two-headed ogre.
The two-headed ogre is heavily wounded.
The two-headed ogre hits you with a giant club!
* * * LOW HITPOINT WARNING * * *
The two-headed ogre hits you with a dire flail!
* * * LOW HITPOINT WARNING * * *
Your white imp gestures at the two-headed ogre.
The puff of frost hits the two-headed ogre.
The two-headed ogre appears unharmed.
You hit the two-headed ogre.
The two-headed ogre is severely wounded.
The two-headed ogre is no longer moving slowly.
The two-headed ogre hits you with a giant club.
* * * LOW HITPOINT WARNING * * *
The two-headed ogre hits you with a dire flail.
You die...

### #@# #O# #5#
#.########## #
#...(..c.[.# #.
##########(# ###
.# .
########'###....
. . ... #
#......{()......
#.#. #.#.#
#...............


You could see a two-headed ogre and a friendly white imp.

Vanquished Creatures
  Pikel (D:8)
  Psyche (D:8)
  An ice beast (D:5)
  A phantom (D:4)
  A necrophage (D:7)
  A centaur (D:8)
  7 bullfrogs
  2 wights (D:7)
  A howler monkey (D:7)
  A bullfrog zombie (D:6)
  2 jellies
  An orc wizard (D:7)
  A hound (D:4)
  An orc priest (D:7)
  Natasha (twice) (D:3 D:2)
  2 iguanas
  4 worker ants
  A hound skeleton (D:4)
  3 gnolls (D:7)
  7 adders
  An ooze (D:7)
  An adder zombie (D:6)
  A worm (D:5)
  A dart slug (D:2)
  9 leopard geckos
  17 orcs
  4 ball pythons
  5 bats
  6 giant cockroaches
  5 goblins
  2 hobgoblins
  2 quokkas
  4 frilled lizards
  4 kobolds
  A leopard gecko skeleton (D:5)
  7 rats
111 creatures vanquished.

Vanquished Creatures (collateral kills)
  A water moccasin (D:6)
  A black bear (D:8)
  A centaur (D:8)
  A wyvern skeleton (D:8)
  A wight (D:7)
  2 hounds
  2 orc wizards
  6 orcs
  A rat (D:3)
16 creatures vanquished.

Vanquished Creatures (others)
  A slave (D:8)
  3 orcs (D:8)
  A giant cockroach (D:8)
5 creatures vanquished.

Grand Total: 132 creatures vanquished

Notes
Turn   | Place    | Note
-------+----------+-------------------------------------------
     0 | D:1      | Gruud the Demonspawn Assassin began the quest for the Orb.
     0 | D:1      | Reached XP level 1. HP: 16/16 MP: 1/1
   585 | D:1      | Gained mutation: A weak demonic guardian rushes to your aid. [demonic ancestry]
   585 | D:1      | Reached XP level 2. HP: 17/23 MP: 2/2
   655 | D:2      | Reached skill level 1 in Armour
   806 | D:2      | Found a radiant altar of Vehumet.
  1207 | D:2      | Gained mutation: You are partially covered in thin metallic scales. (AC +2) [demonic ancestry]
  1207 | D:2      | Reached XP level 3. HP: 27/28 MP: 3/3
  1687 | D:3      | Noticed Natasha
  1710 | D:3      | Killed Natasha
  1710 | D:3      | Gained mutation: When hurt, damage is shared between your health and your magic reserves. [demonic ancestry]
  1710 | D:3      | Reached XP level 4. HP: 13/35 MP: 4/4
  1804 | D:3      | Noticed Natasha
  1821 | D:2      | Killed Natasha
  1821 | D:2      | Reached skill level 1 in Long Blades
  2039 | D:3      | Reached skill level 2 in Long Blades
  2039 | D:3      | Gained mutation: You have a pair of small antennae on your head. [demonic ancestry]
  2039 | D:3      | Reached XP level 5. HP: 35/41 MP: 5/5
  2180 | D:3      | Found a deep blue altar of Sif Muna.
  2482 | D:4      | Found a snail-covered altar of Cheibriados.
  2504 | D:4      | Reached skill level 3 in Long Blades
  2605 | D:4      | Found a stormy altar of Qazlal.
  2907 | D:4      | Gained mutation: You regenerate magic rapidly. [demonic ancestry]
  2907 | D:4      | Reached XP level 6. HP: 30/47 MP: 6/6
  3422 | D:4      | Reached skill level 4 in Long Blades
  3491 | D:5      | Entered Level 5 of the Dungeon
  3510 | D:5      | Found a staircase to the Ecumenical Temple.
  3521 | Temple   | Entered the Ecumenical Temple
  3529 | Temple   | Became a worshipper of Uskayaw the Reveler
  3666 | D:5      | Noticed an ice beast
  3678 | D:5      | Reached * piety under Uskayaw
  3682 | D:5      | Reached ** piety under Uskayaw
  3686 | D:5      | Killed an ice beast
  3686 | D:5      | Reached skill level 1 in Invocations
  3721 | D:5      | Reached skill level 5 in Long Blades
  3721 | D:5      | Reached *** piety under Uskayaw
  3892 | D:5      | Learned a level 3 spell: Regeneration
  4202 | D:6      | Gained mutation: You are mostly covered in thin metallic scales. (AC +3) [demonic ancestry]
  4202 | D:6      | Reached XP level 7. HP: 42/52 MP: 5/8
  4300 | D:6      | Found a glowing golden altar of the Shining One.
  4382 | D:6      | Found a shimmering altar of Xom.
  4383 | D:6      | Found a shimmering altar of Xom.
  4383 | D:6      | Found a shimmering altar of Xom.
  4383 | D:6      | Found a shimmering altar of Xom.
  4385 | D:6      | Found a shimmering altar of Xom.
  4562 | D:6      | Reached skill level 6 in Long Blades
  4647 | D:6      | Noticed Grinder
  4815 | D:7      | Found an opulent altar of Gozag.
  4833 | D:7      | Reached XP level 8. HP: 35/58 MP: 4/11
  5025 | D:7      | Reached skill level 7 in Long Blades
  5025 | D:7      | Reached skill level 5 in Invocations
  5025 | D:7      | Reached **** piety under Uskayaw
  5751 | D:8      | Noticed Psyche
  5795 | D:8      | Killed Psyche
  5795 | D:8      | Reached skill level 8 in Long Blades
  5821 | D:8      | Noticed Pikel
  6095 | D:8      | Killed Pikel
  6095 | D:8      | Reached skill level 9 in Long Blades
  6095 | D:8      | Gained mutation: You have a pair of antennae on your head. [demonic ancestry]
  6095 | D:8      | Reached XP level 9. HP: 52/64 MP: 14/14
  6129 | D:8      | Noticed a two-headed ogre
  6148 | D:8      | Noticed Gastronok
  6190 | D:8      | HP: 3/64 [two-headed ogre/giant club (1)]
  6193 | D:8      | Slain by a two-headed ogre

Vault maps used:
D:1:      dpeg_arrival_renting
D:2:      vehumet_crystals
D:3:      lemuel_crystal_altar, first_bread, uniq_natasha
D:4:      lemuel_round_altar, nicolae_qazlal_general_emergency, corner_web_ring,
          minivault_11
D:5:      minmay_temple_entry_junction, serial_corexii_hall,
          corexii_hall_statues_deadend, corexii_hall_statues_x,
          corexii_hall_statues_t, corexii_hall_statues_i,
          corexii_hall_statues_l, corexii_hall_statues_i, minmay_misc_feat_five
D:6:      lemuel_round_altar, xom_redecorated, kennysheep_potato, uniq_grinder
D:7:      nicolae_gozag_seed_capital
D:8:      the_bakery, uniq_pikel, uniq_maurice, uniq_psyche, uniq_gastronok
Temple:   nicolae_temple_great_sept

Skill      XL: |  1  2  3  4  5  6  7  8 |
---------------+-------------------------+-----
Armour         | 1 2 |  2.4
Fighting       | 3 |  3.5
Long Blades    | 2 3 5 6 9 |  9.1
Invocations    | 2 4 7 |  7.7
Short Blades   | |  1.7
Throwing       | |  1.7
Dodging        | |  0.8
Stealth        | |  3.6

Action                   |  1- 3 |  4- 6 |  7- 9 || total
-------------------------+-------+-------+-------++-------
Melee: Dagger            |    14 |       |       ||    14
       Mace              |    81 |   220 |    60 ||   361
       Long sword        |       |       |   146 ||   146
 Fire: Blowgun           |       |       |     7 ||     7
Throw: Tomahawk          |       |     8 |       ||     8
       Javelin           |       |       |     5 ||     5
Invok: Stomp             |       |       |     6 ||     6
  Use: Scroll            |       |     8 |     4 ||    12
       Potion            |       |       |     1 ||     1
 Stab: Distracted        |       |     1 |       ||     1
       Paralysed         |       |       |     4 ||     4
       Sleeping          |       |       |     1 ||     1
  Eat: Chunk             |     2 |     7 |     8 ||    17
       Fruit             |       |     2 |       ||     2
Armor: Scale mail        |    75 |   145 |   127 ||   347
       Robe              |     2 |       |       ||     2
Dodge: Dodged            |    57 |   128 |   115 ||   300
       Rpst.: Long sword |       |       |    19 ||    19

Table legend:
 A = Spawn XP
 B = Non-spawn XP
 C = Spawn XP percentage of total XP
 D = Spawn monster count
 E = Non-spawn monster count
 F = Spawn count percentage of total count
 G = Total turns spent on level
                    A         B        C        D         E        F      G
               +---------+---------+-------+---------+---------+-------+---------
         Total |       0 |    3415 |   0.0 |       0 |     127 |   0.0 |  6193
               +---------+---------+-------+---------+---------+-------+---------
           D:1 |       0 |      13 |   0.0 |       0 |       8 |   0.0 |   646
           D:2 |       0 |      66 |   0.0 |       0 |      20 |   0.0 |  1175
           D:3 |       0 |     145 |   0.0 |       0 |      21 |   0.0 |   494
           D:4 |       0 |     314 |   0.0 |       0 |      19 |   0.0 |  1176
           D:5 |       0 |     178 |   0.0 |       0 |      11 |   0.0 |   623
           D:6 |       0 |     480 |   0.0 |       0 |      12 |   0.0 |   607
           D:7 |       0 |     962 |   0.0 |       0 |      25 |   0.0 |  1240
           D:8 |       0 |    1257 |   0.0 |       0 |      11 |   0.0 |   215
               +---------+---------+-------+---------+---------+-------+---------
